 Dungeon Crawl Stone Soup version 0.24.0-10-g970556be89 (webtiles) character file.

Game seed: 12563463988446796285, levelgen mode: deterministic

112 Aviak the Charmwright (level 4, -7/39 HPs)
             Began as a Draconian Skald on Nov 3, 2019.
             Was a Believer of Ru.
             Mangled by an ogre
             ... wielding a +0 giant club
              (22 damage)
             ... on level 4 of the Dungeon.
             The game lasted 00:06:00 (3556 turns).

Aviak the Charmwright (Draconian Skald)             Turns: 3556, Time: 00:06:00

Health: -7/39      AC:  5    Str: 13    XL:     4   Next: 64%
Magic:  1/8        EV: 13    Int: 13    God:    Ru [**....]
Gold:   169        SH:  0    Dex: 12    Spells: 1/9 levels left

rFire    . . .     SeeInvis .   a - +0 spear
rCold    . . .     Gourm    .   (no shield)
rNeg     . . .     Faith    .   (armour unavailable)
rPois    .         Spirit   .   (helmet restricted)
rElec    .         Reflect  .   (no cloak)
rCorr    .         Harm     .   (no gloves)
MR       .....                  (no boots)
Stlth    +.........             (no amulet)
HPRegen  0.13/turn              (no ring)
MPRegen  0.11/turn              (no ring)

@: lethally poisoned (-7 -> -10), infused (expiring), singing
A: unfitting armour, cold-blooded, inexperienced 1, AC +5
a: Renounce Religion


You were on level 4 of the Dungeon.
You worshipped Ru.
Ru was pleased with you.
You were not hungry.

You visited 1 branch of the dungeon, and saw 4 of its levels.

You collected 169 gold pieces.

Inventory:

Hand Weapons
 a - a +0 spear (weapon)
Scrolls
 b - 2 scrolls of enchant weapon {unknown}
 e - a scroll of magic mapping {unknown}
 f - a scroll of fog {unknown}
 g - a scroll of blinking {unknown}
 h - 7 scrolls of identify {unknown}
 i - 2 scrolls of teleportation {unknown}
 k - 2 scrolls of remove curse {unknown}
 l - a scroll of fear {unknown}
Potions
 c - a potion of curing
 d - a potion of might {unknown}
 m - 2 potions of heal wounds {unknown}
 n - a potion of brilliance {unknown}
Comestibles
 j - 6 rations


   Skills:
 + Level 3.6 Fighting
 + Level 3.2 Polearms
 + Level 3.2 Dodging
 + Level 3.1 Spellcasting
 + Level 3.6 Charms


You had one spell level left.
You knew the following spells:

 Your Spells              Type           Power        Failure   Level  Hunger
a - Infusion              Chrm           ##..         4%          1    #......
b - Song of Slaying       Chrm           ##......     8%          2    ##.....
c - Regeneration          Chrm/Necr      #.........   32%         3    ###....
d - Shroud of Golubria    Chrm/Tloc      #.....       16%         2    ##.....

Your spell library contained the following spells:

 Spells                   Type           Power        Failure   Level  Hunger
 Spectral Weapon          Hex/Chrm       #.......     32%         3    ###....


Dungeon Overview and Level Annotations

Branches:
Dungeon (4/15)
 Temple: D:4-7

Altars:
Ru
Trog
Yredelemnul


Innate Abilities, Weirdness & Mutations

Your plain brown scales are hard. (AC +5)
You cannot fit into any form of body armour.
You are cold-blooded and may be slowed by cold attacks.
You are somewhat inexperienced. (-2 XL)


Message History

The worker ant is severely wounded.
You feel sick. The worker ant closely misses you.
The adder skeleton misses you.
The jackal bites you but does no damage.
The worker ant closely misses you. The adder skeleton misses you.
The jackal closely misses you.
The worker ant bites you but does no damage.
The adder skeleton bites you.
You focus your will and blind the adder skeleton in retribution!
You feel sick. The worker ant closely misses you.
The adder skeleton closely misses you.
Found a scroll labeled POPNI ZONUFF.
A centaur skeleton comes into view.
The jackal barely misses you.
You feel sick.
Your magical infusion is running out.
You feel sick.
The ogre hits you with a +0 giant club!!
Ouch! That really hurt!
You die...

#.# .... #.# #..# .
#.##..# #. #.#..# #
#.## ###.†?# ..
...#...##....## ?..
#.........#l## ....
####.#.#.a#.##.....
#..@O.l.......
##.h##.#..#...
#..Z.........
#.........##....
###Z..##.## ....
#........# ...
#.#.###...# ..
..... #.#.# .....#
#.#..


You could see an ogre, an iguana, a worker ant, a jackal, an adder skeleton and
a centaur skeleton.

Vanquished Creatures
  2 crimson imps (D:3)
  An orc wizard (D:2)
  3 gnolls
  5 adders
  5 worms
  3 dart slugs (D:1)
  4 leopard geckos
  5 orcs
  7 bats
  3 giant cockroaches
  11 goblins
  6 hobgoblins
  9 jackals
  2 quokkas (D:2)
  2 ball pythons (D:2)
  3 frilled lizards
  7 kobolds
  11 rats
89 creatures vanquished.

Notes
Turn   | Place    | Note
-------+----------+-------------------------------------------
     0 | D:1      | Aviak the Draconian Skald began the quest for the Orb.
     0 | D:1      | Reached XP level 1. HP: 17/17 MP: 3/3
   165 | D:1      | Reached XP level 2. HP: 25/25 MP: 5/5
   592 | D:1      | Reached XP level 3. HP: 19/30 MP: 6/6
   666 | D:1      | Learned a level 2 spell: Song of Slaying
   669 | D:1      | Learned a level 2 spell: Shroud of Golubria
  1040 | D:2      | Found a sacrificial altar of Ru.
  1054 | D:2      | Reached XP level 4. HP: 21/37 MP: 0/7
  1128 | D:2      | Became a worshipper of Ru the Awakened
  1913 | D:2      | Reached XP level 5. HP: 37/45 MP: 1/9
  2956 | D:2      | Learned a level 3 spell: Regeneration
  3071 | D:3      | Gained mutation: You are somewhat inexperienced. (-2 XL)
                  | [Ru sacrifice]
  3071 | D:3      | Reached XP level 4. HP: 31/38 MP: 4/8
  3071 | D:3      | Reached XP level 3. HP: 31/31 MP: 4/7
  3071 | D:3      | Reached * piety under Ru
  3071 | D:3      | Reached ** piety under Ru
  3263 | D:3      | Found a bloodstained altar of Trog.
  3263 | D:3      | Found a basalt altar of Yredelemnul.
  3290 | D:3      | Reached XP level 4. HP: 36/38 MP: 3/8
  3528 | D:4      | Noticed an ogre
  3556 | D:4      | Mangled by an ogre

Levels and vault maps discovered:
D:1:      eino_arrival_druids_welcome, layout_basic, nrook_mini_vaults
D:2:      layout_basic, chequers_serial_rivers_marsh,
          minmay_misc_feat_secret_circle, nicolae_ru_great_annihilating_truth
D:3:      layout_rooms, amethyst_overflow_temple_binary, grunt_decor_resistance,
          hangedman_decor_slide_cut
D:4:      layout_rooms, serial_shops, shop_fountains

Skill      XL: |  1  2  3  4  5 |
---------------+----------------+-----
Charms         | 3 |  3.6
Fighting       | 3 |  3.6
Polearms       | 3 |  3.2
Dodging        | 3 |  3.2
Spellcasting   | 3 |  3.1

Action                   |  1- 3 |  4- 6 || total
-------------------------+-------+-------++-------
Melee: Spear             |   123 |   332 ||   455
       Tailslap          |    10 |    32 ||    42
 Cast: Infusion          |     7 |    14 ||    21
       Shroud of Golubri |       |     1 ||     1
       Song of Slaying   |       |     1 ||     1
Invok: Sacrifice Experie |     1 |       ||     1
  Use: Potion            |     1 |       ||     1
 Stab: Sleeping          |     3 |       ||     3
       Invisible         |       |     1 ||     1
  Eat: Chunk             |       |     6 ||     6
       Ration            |       |     1 ||     1
Armor: Skin              |    16 |    72 ||    88
Dodge: Dodged            |    41 |   191 ||   232
